 Dungeon Crawl Stone Soup version 0.29-a0-275-g389c0b56f3 (webtiles) character file.

Game seed: 4563915529684231190

2631 mistaj the Grappler (level 9, -3/96 HPs)
             Began as a Troll Monk on Mar 10, 2022.
             Was a Priest of Jiyva.
             Shot with a sling bullet by Joseph (15 damage)
             ... on level 7 of the Dungeon.
             The game lasted 00:10:14 (5327 turns).

mistaj the Grappler (Troll Monk)                    Turns: 5327, Time: 00:10:15

Health: -3/96      AC:  5    Str: 21    XL:     9   Next: 35%
Magic:  8/8        EV: 10    Int: 10    God:    Jiyva [***...]
Gold:   269        SH:  0    Dex: 12    Spells: 8/8 levels left

rFire   . . .      SeeInvis .     - Unarmed
rCold   . . .      Faith    .   (no shield)
rNeg    . . .      Spirit   .   a - +0 robe
rPois   +          Reflect  .   (helmet restricted)
rElec   .          Harm     .   n - +0 cloak
rCorr   +          Rampage  .   (gloves unavailable)
rMut    +                       (boots unavailable)
Will    .....                   (no amulet)
Stlth   ++........              (no ring)
HPRegen 2.18/turn               (no ring)
MPRegen 0.46/turn

@: no status effects
A: large, unfitting armour, claws 3, regeneration 1, shaggy fur 1, tough skin 1,
mutation resistance 3, poison resistance
a: Renounce Religion, Oozemancy


You were on level 7 of the Dungeon.
You worshipped Jiyva.
Jiyva was most pleased with you.
You visited 1 branch of the dungeon, and saw 7 of its levels.
You also visited: Sewer.

You collected 269 gold pieces.

Inventory:

Hand Weapons
 d - a +3 dagger of draining
 p - a +1 dagger of speed
 B - a +2 whip of freezing
Missiles
 c - 5 javelins (quivered)
 C - a throwing net
Armour
 a - a +0 robe (worn)
 n - a +0 cloak (worn)
Wands
 r - a wand of digging (2)
 A - a wand of iceblast (7)
Scrolls
 e - a scroll of blinking {unknown}
 f - 6 scrolls of identify {unknown}
 h - a scroll of enchant weapon {unknown}
 j - 2 scrolls of magic mapping {unknown}
 l - 3 scrolls of silence {unknown}
 o - 2 scrolls of noise {unknown}
 v - a scroll of teleportation {unknown}
 x - a scroll of vulnerability {unknown}
 y - a scroll of enchant armour {unknown}
 D - a scroll of torment {unknown}
Potions
 b - a potion of ambrosia
 g - 2 potions of curing {unknown}
 i - 2 potions of haste {unknown}
 k - 3 potions of mutation {unknown}
 m - 2 potions of degeneration {unknown}
 q - a potion of flight {unknown}
 s - a potion of brilliance {unknown}
 t - a potion of berserk rage {unknown}
 u - a potion of lignification {unknown}
 w - 3 potions of invisibility {unknown}
 z - a potion of might {unknown}


   Skills:
 + Level 8.0 Fighting
 - Level 2.4 Dodging
 - Level 1.0 Stealth
 + Level 9.6 Unarmed Combat


You had 8 spell levels left.
You didn't know any spells.
Your spell library contained the following spells:

 Spells                   Type           Power      Damage    Failure   Level
 Magic Dart               Conj           0%         1d3       36%         1
 Shock                    Conj/Air       0%         1d3       36%         1
 Call Imp                 Summ           0%         N/A       50%         2
 Mephitic Cloud           Conj/Pois/Air  0%         N/A       75%         3
 Swiftness                Air            0%         N/A       75%         3
 Airstrike                Air            0%         N/A       98%         4
 Dispersal                Tloc           0%         N/A       100%        6
 Disjunction              Tloc           0%         N/A       100%        8


Dungeon Overview and Level Annotations

Branches:
Dungeon (7/15)             Temple (0/1) D:6           Sewer (visited)

Altars:
Dithmenos
Gozag
Ru
Trog
Yredelemnul

Shops:
D:6 =

Portals:
Abyss: D:3

Annotations:
D:1 1 exclusion
D:3 2 transporters, spaghetti's ghost, amateur OgCK
D:7 Joseph


Innate Abilities, Weirdness & Mutations

You are too large for most types of armour.
You have claws for hands.
Your natural rate of healing is unusually fast.
You are covered in fur. (AC +1)
You have tough skin. (AC +1)
You are almost entirely resistant to further mutation and mutation removal.
Your system is resistant to poisons. (rPois)


Message History

Joseph wields a +0 hunting sling.
Joseph shoots a sling bullet.
The sling bullet hits you.
Joseph shoots a sling bullet.
The sling bullet barely misses you.
Joseph shoots a sling bullet.
The sling bullet hits you!
* * * LOW HITPOINT WARNING * * *
You hear a distant slurping noise.
You hear a distant slurping noise.
Joseph shoots a sling bullet.
The sling bullet hits you!
Joseph shoots a sling bullet.
The sling bullet hits you.
Joseph shoots a sling bullet.
The sling bullet closely misses you.
You start resting.
You hear a distant slurping noise.
Joseph is nearby!
Joseph shoots a sling bullet.
The sling bullet hits you!
Joseph unwields a +0 hunting sling.
Joseph wields a +3 quarterstaff of speed.
Joseph hits you with a +3 quarterstaff of speed!
You claw Joseph!
Joseph is moderately wounded.
Joseph closely misses you.
You claw Joseph!
Joseph is heavily wounded.
Joseph hits you with a +3 quarterstaff of speed!
You scratch Joseph.
Joseph is heavily wounded.
Joseph hits you with a +3 quarterstaff of speed!
You claw Joseph!
Joseph is severely wounded.
Joseph hits you with a +3 quarterstaff of speed!!
* * * LOW HITPOINT WARNING * * *
You closely miss Joseph.
Joseph is severely wounded.
Joseph hits you with a +3 quarterstaff of speed!
* * * LOW HITPOINT WARNING * * *
Joseph hits you with a +3 quarterstaff of speed.
* * * LOW HITPOINT WARNING * * *
Joseph unwields a +3 quarterstaff of speed.
Joseph wields a +0 hunting sling.
Joseph shoots a sling bullet.
The sling bullet hits you!
You die...

####...######...####
#..................#
..##....###.#...##.# ........#
#.##.###.# #.#.....# #.##.###รท#
#.##....# #.##...".# #.###.#.#
#.######.# #.# ........#
#.######.# #.# #####.###
#.....@..# #.# ##.## ########@#
#.# ##...## #.# #[# ##.....##
####.# #.### ##.......## ##.##o##
#.#.##
#...J.....####......#######....##
'.........'...............@......
#.........####......#######o...##
##.......## ##.##.## #.#.##


You could see Joseph.

Vanquished Creatures
  Pikel (D:4)
  Eustachio (D:6)
  Menkaure (D:4)
  A black bear (D:6)
  3 orc warriors
  2 ice beasts
  An ogre (D:5)
  2 lemures (D:4)
  A kobold brigand (D:4)
  2 bullfrogs
  A necrophage (D:7)
  5 scorpions (D:6)
  4 howler monkeys
  3 jellies (Sewer)
  3 orc priests
  Crazy Yiuf (D:2)
  2 iguanas (D:7)
  2 orc wizards
  Terence (D:2)
  Natasha (thrice) (D:2)
  4 gnolls (D:5)
  9 adders
  2 river rats (Sewer)
  A shadow imp (D:6)
  A white imp (D:5)
  A worm (Sewer)
  A dart slug (D:4)
  15 orcs
  9 ball pythons
  5 bats
  11 endoplasms
  4 giant cockroaches
  12 goblins
  7 hobgoblins
  A jackal (D:4)
  7 kobolds
  5 quokkas
  7 frilled lizards
  15 rats
157 creatures vanquished.

Vanquished Creatures (others)
  A centaur (D:6)
  12 jellies
  A scorpion (D:6)
  2 hounds (D:5)
  An orc priest (D:5)
  2 iguanas (D:6)
  An orc wizard (D:5)
  2 adders
  A worm (D:5)
  6 orcs
  5 bats (D:6)
  11 fungi (D:6)
  11 plants (D:4)
56 creatures vanquished.

Grand Total: 213 creatures vanquished

Notes
Turn   | Place    | Note
-------+----------+-------------------------------------------
     0 | D:1      | mistaj the Troll Monk began the quest for the Orb.
     0 | D:1      | Reached XP level 1. HP: 22/22 MP: 0/0
   289 | D:1      | Reached XP level 2. HP: 29/29 MP: 1/1
   343 | D:1      | Found a faded altar of an unknown god.
   787 | D:2      | Reached XP level 3. HP: 37/37 MP: 2/2
   937 | D:2      | Found a runed translucent door.
   938 | D:2      | Noticed Crazy Yiuf
   948 | D:2      | Killed Crazy Yiuf
   949 | D:2      | Reached skill level 4 in Unarmed Combat
  1226 | D:2      | Reached XP level 4. HP: 45/45 MP: 3/3
  1416 | D:2      | Noticed Natasha
  1417 | D:2      | Killed Natasha
  1444 | D:2      | Noticed Natasha
  1448 | D:2      | Killed Natasha
  1509 | D:2      | Noticed Terence
  1521 | D:2      | Killed Terence
  1522 | D:2      | Reached XP level 5. HP: 35/54 MP: 4/4
  1577 | D:2      | Noticed Natasha
  1582 | D:2      | Killed Natasha
  1804 | D:3      | Found a transporter.
  1817 | D:3      | Noticed a small abomination
  1817 | D:3      | Noticed spaghetti's ghost (amateur OgCK)
  1820 | D:3      | Found a shadowy altar of Dithmenos.
  1837 | D:3      | Identified the +2 robe of a bailey {rF+ rN+}
  2063 | D:3      | Found a sacrificial altar of Ru.
  2081 | D:3      | Became a worshipper of Ru the Awakened
  2170 | D:3      | Found a transporter.
  2172 | D:3      | Found a one-way gate to the infinite horrors of the Abyss.
  2460 | D:4      | Noticed Menkaure
  2473 | D:4      | Killed Menkaure
  2474 | D:4      | Reached skill level 5 in Unarmed Combat
  2474 | D:4      | Reached XP level 6. HP: 63/63 MP: 5/5
  2725 | D:4      | Found a glowing drain.
  2738 | Sewer    | Entered a sewer
  2870 | Sewer    | Found a viscous altar of Jiyva.
  2885 | Sewer    | Fell from the grace of Ru
  2885 | Sewer    | Became a worshipper of Jiyva Jemu the Shapeless
  3011 | D:4      | Noticed Pikel
  3030 | D:4      | Killed Pikel
  3031 | D:4      | Reached skill level 5 in Fighting
  3031 | D:4      | Reached skill level 7 in Unarmed Combat
  3031 | D:4      | Reached XP level 7. HP: 27/74 MP: 6/6
  3527 | D:4      | Reached XP level 8. HP: 77/83 MP: 7/7
  3629 | D:5      | Entered Level 5 of the Dungeon
  3865 | D:5      | Found an opulent altar of Gozag.
  3879 | D:5      | Reached * piety under Jiyva
  4041 | D:5      | Found a bloodstained altar of Trog.
  4089 | D:5      | Found a basalt altar of Yredelemnul.
  4150 | D:6      | Reached skill level 8 in Unarmed Combat
  4273 | D:6      | Reached ** piety under Jiyva
  4341 | D:6      | Noticed Eustachio
  4344 | D:6      | Found Hothrorro's Jewellery Shoppe.
  4351 | D:6      | Killed Eustachio
  4450 | D:6      | Found a staircase to the Ecumenical Temple.
  4524 | D:6      | Reached XP level 9. HP: 93/93 MP: 8/8
  4576 | D:6      | Reached skill level 9 in Unarmed Combat
  4908 | D:6      | Reached *** piety under Jiyva
  4972 | D:7      | Gained mutation: You are somewhat resistant to further
                  | mutation. [Jiyva's grace]
  4972 | D:7      | Gained mutation: You are somewhat resistant to both further
                  | mutation and mutation removal. [Jiyva's grace]
  4972 | D:7      | Gained mutation: You are almost entirely resistant to
                  | further mutation and mutation removal. [Jiyva's grace]
  4972 | D:7      | Gained mutation: Your system is resistant to poisons.
                  | (rPois) [Jiyva's grace]
  5273 | D:7      | Noticed Joseph
  5327 | D:7      | Shot with a sling bullet by Joseph

Illustrated notes

Levels and vault maps discovered:
D:1:      dpeg_arrival_morbid_curiosity, layout_basic,
          shapermc_ecumenical_altar_pompeii, serial_park_tiny_1
D:2:      layout_basic, uniq_natasha, uniq_terence, uniq_crazy_yiuf_cottage
D:3:      layout_basic, nicolae_ru_awakened_eye,
          nicolae_dithmenos_through_a_glass_darkly,
          gammafunk_ghost_abyssal_escape, st_stairs_1
D:4:      minmay_spotlight, layout_loops_ring, cheibrodos_sewer_entry_drain,
          lexackson_kobold_supper, uniq_pikel, uniq_menkaure
D:5:      layout_rooms, lemuel_coloured_pillars_altar,
          mainiacjoe_overflow_large_starburst, kennysheep_path_1
D:6:      old_forge, layout_basic, minmay_temple_entry_glassed_door,
          serial_shops, nicolae_lakefront_shop, uniq_eustachio
D:7:      layout_loops_corners, minmay_fountain_box, nicolae_shop_clearance,
          uniq_joseph

Skill      XL: |  1  2  3  4  5  6  7  8  9 |
---------------+----------------------------+-----
Fighting       | 3 4 5 6 7 8 |  8.0
Unarmed Combat | 4 5 7 8 9 |  9.6
Dodging        | |  2.4
Stealth        | |  1.0

Action                   |  1- 3 |  4- 6 |  7- 9 || total
-------------------------+-------+-------+-------++-------
Melee: Unarmed           |    77 |   128 |   195 ||   400
       Punch             |     2 |     4 |     9 ||    15
 Stab: Sleeping          |     3 |     3 |     2 ||     8
       Invisible         |     2 |       |       ||     2
       Distracted        |       |       |     1 ||     1
Armor: Robe              |    24 |    28 |    35 ||    87
Dodge: Dodged            |    46 |    48 |    85 ||   179

Table legend: (Time is in decaauts)
 A = Elapsed time spent in this place.
 B = Non-inter-level travel time spent in this place.
 C = Inter-level travel time spent in this place.
 D = Time resting spent in this place.
 E = Time spent auto-exploring this place.
 F = Levels seen in this place.
 G = Mean time per level.
                   A        B        C        D        E       F      G
               +--------+--------+--------+--------+--------+-----+--------+
         Total |   5314 |   5106 |    208 |    235 |   3742 |   8 |  664.2 |
       Dungeon |   5069 |   4861 |    208 |    235 |   3644 |   7 |  724.1 |
         Sewer |    244 |    244 |      0 |      0 |     98 |   1 |  244.0 |
               +--------+--------+--------+--------+--------+-----+--------+

Top non-repeatable levels by time:
     D:2: 1018 daAuts
     D:4: 947 daAuts
     D:6: 812 daAuts
     D:1: 759 daAuts
     D:3: 672 daAuts
     D:5: 491 daAuts
     D:7: 367 daAuts
   Sewer: 244 daAuts
